AoeStats
← isnaldojr

Arabia

508041097Analyzed
1v1 RM · 12d ago on Sep 20, 2026· 38m 5s· 2 players
Game mode
Random Map
Map size
Tiny (2 player)
Population
200
Speed
Normal
Resources
Standard
Victory
Conquest
Starting age
Dark Age
Ending age
Imperial Age
RankedLock teamsTeams togetherTeam positionsShared explorationLock speedFull tech treeHidden civsTurbo modeCheats
Victory
Defeat
🇹🇷 Cumans · Türkiye
1029
+15
🇧🇷 Byzantines · Brazil
1017
-15
isnaldojr
7:35 Loom
10:30 Feudal Age
11:19 Double-Bit Axe
21:23 Castle Age
19:59 Gold Mining
19:51 Horse Collar
23:01 Husbandry
26:39 Scale Barding Armor
28:05 Forging
33:10 Iron Casting
32:49 Squires
32:43 Pikeman
34:09 Elite Skirmisher
Jean Veljean
6:40 Loom
9:37 Feudal Age
11:03 Double-Bit Axe
20:16 Castle Age
18:59 Horse Collar
19:12 Gold Mining
20:02 Stone Mining
20:06 Fletching
22:41 Scale Barding Armor
24:05 Padded Archer Armor
28:33 Chain Barding Armor
28:54 Heavy Plow
32:55 Wheelbarrow
34:56 Imperial Age
35:12 Elite Steppe Lancer
36:34 Pikeman
Connection lost

Rejoining the realm…

Still unreachable

The connection could not be restored.

Session expired

The server has moved on; the page needs a fresh start.